 Dungeon Crawl Stone Soup version 0.26-a0-695-g987792ac36 (webtiles) character file.

Game seed: 650009821400730655

83 ArthosElwyn the Shield-Bearer (level 4, 0/35 HPs)
             Began as a Human Fighter on Oct 25, 2020.
             Succumbed to Robin's poison
             ... on level 1 of the Dungeon.
             The game lasted 00:07:43 (2863 turns).

ArthosElwyn the Shield-Bearer (Human Fighter)       Turns: 2863, Time: 00:07:43

Health: 0/35       AC:  6    Str: 18      XL:     4   Next: 71%
Magic:  5/13       EV:  9    Int:  7 (8)  God:
Gold:   41         SH:  0    Dex: 10 (12) Spells: 3/3 levels left

rFire    . . .     SeeInvis .   b - +0 dagger
rCold    . . .     Faith    .   (no shield)
rNeg     . . .     Spirit   .   j - +0 scale mail
rPois    .         Reflect  .   (no helmet)
rElec    .         Harm     .   (no cloak)
rCorr    .         Rampage  .   (no gloves)
MR       +....     Rnd*Tele +   (no boots)
Stlth    ..........             l - amulet of the acrobat
HPRegen  0.11/turn              i - ring of magical power
MPRegen  0.13/turn              m - ring of teleportation (curse)

@: mighty, lethally poisoned (0 -> -14)
A: magic resistance 1, MP-powered wands
a: no special abilities


You were on level 1 of the Dungeon.
You visited 1 branch of the dungeon, and saw 2 of its levels.

You collected 41 gold pieces.

Inventory:

Hand Weapons
 a - a +0 long sword
 b - a +0 dagger (weapon)
Missiles
 e - 83 stones (quivered)
Armour
 c - a +0 kite shield
 j - a +0 scale mail (worn)
Jewellery
 i - a ring of magical power (left hand)
 l - an amulet of the acrobat (around neck)
 m - a cursed ring of teleportation (right hand)
Scrolls
 g - a scroll of enchant armour
 n - 2 scrolls of immolation
Potions
 f - 2 potions of degeneration


   Skills:
 - Level 3.0 Fighting
 * Level 3.4 Long Blades
 + Level 3.6 Armour
 * Level 3.6 Shields


You had 3 spell levels left.
You didn't know any spells.
Your spell library was empty.

Dungeon Overview and Level Annotations

Branches:
Dungeon (2/15)

Altars:


Innate Abilities, Weirdness & Mutations

You are resistant to hostile enchantments. (MR+)
You expend magic power (3 MP) to strengthen your wands.


Message History

As you read the scroll labeled BIPARCH ORUKUF, it crumbles to dust.
The air around you briefly surges with heat, but it dissipates.
It was a scroll of immolation.
* * * LOW HITPOINT WARNING * * *
You feel sick.
As you read the scroll labeled ILLIWKUOFI, it crumbles to dust.
It is a scroll of identify.
g - a scroll of enchant armour
* * * LOW HITPOINT WARNING * * *
You feel sick.
As you read the scroll labeled ITAPOU SUGYU, it crumbles to dust.
You feel aware of your surroundings.
It was a scroll of magic mapping.
* * * LOW HITPOINT WARNING * * *
You feel sick.
Okay, then.
* * * LOW HITPOINT WARNING * * *
You feel sick.
There is a stone staircase leading down, spattered with blood here.
Items here: ) [[ †.
You die...

#.#######..#### #.#######.###.##
####### #..######........## ##.#
......####..##......######.###.##
......'.##..##.###..#######......
......#.##..##.# #........>....##
#######........# ##.######.....##
#...)....## #.# #.#..###
#######.#.#....)###.######.#.....
......#.#.#....#@................
......'.#.#...###........[....##.
......#.#.#..## ##.#######.#####.
#######.#.#.## ##.# #.# #.
#.......#.##>## ##.## #.# ##
#.#######.###.###.########.#
#.#######......#...........#
#.............#.############
#################


There were no monsters in sight!

Vanquished Creatures
  Robin (D:1)
  2 adders (D:2)
  A worm (D:2)
  A dart slug (D:1)
  A leopard gecko (D:1)
  5 bats (D:1)
  11 goblins
  8 hobgoblins
  2 jackals (D:1)
  A frilled lizard (D:1)
  5 kobolds
  5 rats
43 creatures vanquished.

Notes
Turn   | Place    | Note
-------+----------+-------------------------------------------
     0 | D:1      | ArthosElwyn the Human Fighter began the quest for the Orb.
     0 | D:1      | Reached XP level 1. HP: 18/18 MP: 1/1
   109 | D:1      | Reached XP level 2. HP: 24/24 MP: 2/2
   445 | D:1      | Reached XP level 3. HP: 27/29 MP: 3/3
  1038 | D:1      | Gained mutation: You are resistant to hostile enchantments.
                  | (MR+) [potion of mutation]
  1038 | D:1      | Gained mutation: You expend magic power (3 MP) to
                  | strengthen your wands. [potion of mutation]
  1228 | D:2      | Found a faded altar of an unknown god.
  2199 | D:2      | Reached XP level 4. HP: 35/35 MP: 4/4
  2262 | D:2      | Identified the +0 helmet of Duty {Dex+3}
  2262 | D:2      | Noticed Robin
  2851 | D:1      | Killed Robin
  2862 | D:1      | HP: 1/35 [poisoned by Robin]
  2863 | D:1      | Succumbed to Robin's poison

Illustrated notes

Levels and vault maps discovered:
D:1:      roderic_octagonal_star, layout_loops_ring,
          chequers_serial_rivers_large_a, nrook_uturn, moated_statue,
          serial_bayou_pond_e
D:2:      layout_loops_cross, chequers_ecumenical_altar_simple_redux, uniq_robin

Skill      XL: |  1  2  3 |
---------------+----------+-----
Long Blades    | 3 |  3.4
Fighting       | |  3.0
Armour         | |  3.6
Shields        | |  3.6

Action                   |  1- 3 |  4- 6 || total
-------------------------+-------+-------++-------
Melee: Long sword        |    81 |       ||    81
       Dagger            |    46 |    63 ||   109
Throw: Stone             |    20 |     1 ||    21
  Use: Potion            |     2 |     1 ||     3
       Scroll            |       |     3 ||     3
Armor: Scale mail        |    48 |    34 ||    82
Dodge: Dodged            |    50 |    39 ||    89
       Rpst.: Long sword |    12 |       ||    12

Table legend: (Time is in decaauts)
 A = Elapsed time spent in this place.
 B = Non-inter-level travel time spent in this place.
 C = Inter-level travel time spent in this place.
 D = Time resting spent in this place.
 E = Time spent auto-exploring this place.
 F = Levels seen in this place.
 G = Mean time per level.
                   A        B        C        D        E       F      G
               +--------+--------+--------+--------+--------+-----+--------+
         Total |   2896 |   2831 |     65 |   1295 |   1002 |   2 | 1448.0 |
       Dungeon |   2896 |   2831 |     65 |   1295 |   1002 |   2 | 1448.0 |
               +--------+--------+--------+--------+--------+-----+--------+

Top non-repeatable levels by time:
     D:1: 2018 daAuts
     D:2: 878 daAuts
